[Event "Juniorallsvenskan 2019, Division 1 and 2"]
[Site "Molnlycke kulturhus, Biblioteksgatan 2, Molnlycke, Sweden"]
[Date "2019.11.23"]
[Round "3.20"]
[White "Mena, Markus"]
[Black "Fridman, Arvid"]
[Result "1/2-1/2"]
[TimeControl "90 minutes + 30 seconds per move from move one"]
[WhiteFideId "1745123"]
[BlackFideId "1758632"]
[WhiteElo "1405"]
[BlackElo "1596"]

1. e4 e5 2. Nf3 Nf6 3. Nxe5 d6 4. Nf3 Nxe4 5. Qe2 Qe7 6. d3 Nf6 7. Qxe7+ Bxe7 8. Be2 Nc6 9. Nc3 O-O 10. O-O Bg4 11.
Bf4 Rfe8 12. Rfe1 Bf8 13. h3 Bh5 14. g4 Bg6 15. Bf1 Nb4 16. Rec1 Nbd5 17. Nxd5 Nxd5 18. Bg3 f6 19. Bg2 Bf7 20.
a3 Nb6 21. Re1 c6 22. Nd4 Na4 23. b3 Nb6 24. Nf5 d5 25. Nd6 Bxd6 26. Bxd6 Nd7 27. d4 Nf8 28. Bxf8 Kxf8 29. Kf1 Be6 30.
Re3 Re7 31. Rae1 Rae8 32. c3 Kf7 33. b4 h5 34. gxh5 Rh8 35. Kg1 Rxh5 36. Kh2 g5 37. f3 f5 38. a4 g4 39. fxg4 fxg4 40.
Rf1+ Kg6 41. Rg3 Bf5 42. Kg1 Kg5 43. hxg4 Bxg4 44. Bf3 Rh4 45. Rxg4+ Rxg4+ 46. Bxg4 Kxg4 47. Rf8 Kg3 48. Rg8+ Kf3 49.
Rf8+ Ke3 50. Rg8 Kd3 51. Rg3+ Kc4 52. Kf2 Kb3 53. a5 Kc4 54. Rf3 Kb5 55. Rf4 b6 56. axb6 Kxb6 57. Rf3 Kb5 58.
Rg3 Re6 59. Rf3 a5 60. bxa5 Kxa5 61. Rg3 Kb5 62. Rf3 Kc4 63. Rg3 Re7 64. Rf3 Ra7 65. Ke2 Ra2+ 66. Kd1 Kb3 67. Ke1 Rc2 68.
Kd1 Rxc3 69. Rf6 Rc4 70. Ke2 Kb4 71. Ke3 Kb5 72. Kd3 Rc1 73. Rd6 Rh1 74. Kc3 Rh3+ 75. Kd2 Rf3 76. Ke2 Rg3 77.
Kd2 Kc4 78. Rxc6+ Kxd4 79. Rb6 Rg2+ 80. Kc1 1/2-1/2

[Event "Juniorallsvenskan 2019, Division 1 and 2"]
[Site "Molnlycke kulturhus, Biblioteksgatan 2, Molnlycke, Sweden"]
[Date "2019.11.23"]
[Round "3.21"]
[White "Morling, Joakim"]
[Black "Ytterberg, Felix"]
[Result "1-0"]
[TimeControl "90 minutes + 30 seconds per move from move one"]
[WhiteFideId "1715933"]
[BlackFideId "1740687"]
[WhiteElo "2090"]
[BlackElo "2005"]

1. d4 Nf6 2. Nf3 d5 3. c4 e6 4. cxd5 exd5 5. Bg5 Be7 6. Nc3 O-O 7. e3 c6 8. Bd3 h6 9. Bh4 Nbd7 10.
O-O Nh5 11. Bxe7 Qxe7 12. Qc2 a5 13. h3 Nb6 14. a3 f5 15. Ne5 Qd6 16. Rab1 a4 17. Qd1 g6 18. Bc2 Rf6 19. Nxa4 Nxa4 20.
Bxa4 f4 21. Bc2 Bf5 22. Ng4 Bxg4 23. Qxg4 Raf8 24. exf4 Nxf4 25. Rbe1 c5 26. dxc5 Qxc5 27. Bb1 d4 28. Qd7 R6f7 29.
Ba2 Kg7 30. Bxf7 Rxf7 31. Qe8 Nd3 32. Re4 b5 33. b4 Qa7 34. Qxb5 Qxa3 35. Rxd4 Nc1 36. Qe5+ Kh7 37. Rd8 Rg7 38.
Qe8 g5 39. Qh8+ Kg6 40. Rd6+ Kf5 41. Qxg7 Ne2+ 42. Kh1 Nf4 43. Qf6+ 1-0

[Event "Juniorallsvenskan 2019, Division 1 and 2"]
[Site "Molnlycke kulturhus, Biblioteksgatan 2, Molnlycke, Sweden"]
[Date "2019.11.23"]
[Round "3.22"]
[White "Ivarsson, Sebastian"]
[Black "Ekberg, Karl"]
[Result "1-0"]
[TimeControl "90 minutes + 30 seconds per move from move one"]
[WhiteFideId "1738593"]
[BlackFideId "1726277"]
[WhiteElo "1969"]
[BlackElo "1867"]

1. d4 d5 2. c4 c6 3. Nf3 Nf6 4. Nc3 e6 5. Bg5 h6 6. Bh4 dxc4 7. e4 g5 8. Bg3 b5 9. e5 Nd5 10.
Nd2 Nxc3 11. bxc3 Bb7 12. Ne4 Be7 13. Be2 Nd7 14. Bh5 Nf8 15. Qf3 Ng6 16. h4 Qd7 17. Bxg6 fxg6 18. Nf6+ Bxf6 19.
Qxf6 Rg8 20. hxg5 h5 21. Rh4 Qe7 22. Rf4 Kd7 23. a4 a6 24. f3 Raf8 25. Qxe7+ Kxe7 26. Rf6 Ra8 27. Bf2 Bc8 28.
d5 cxd5 29. axb5 Bb7 30. Bc5+ Kd7 31. Rf7+ Kc8 32. b6 Rd8 1-0

[Event "Juniorallsvenskan 2019, Division 1 and 2"]
[Site "Molnlycke kulturhus, Biblioteksgatan 2, Molnlycke, Sweden"]
[Date "2019.11.24"]
[Round "4.1"]
[White "Sundin, Emanuel"]
[Black "Troberg Eskola, Love"]
[Result "1/2-1/2"]
[TimeControl "90 minutes + 30 seconds per move from move one"]
[WhiteFideId "1719173"]
[BlackFideId "1724185"]
[WhiteElo "2093"]
[BlackElo "2096"]

1. d4 d5 2. c4 dxc4 3. e4 e5 4. Nf3 exd4 5. Bxc4 Nc6 6. O-O Be6 7. Bxe6 fxe6 8. Qb3 Qd7 9. Qxb7 Rb8 10.
Qa6 Bd6 11. a3 Rb6 12. Qd3 Nf6 13. Nbd2 e5 14. b4 O-O 15. Nc4 Rbb8 16. b5 Nd8 17. a4 Re8 18. Bd2 Qg4 19. Rfe1 Nb7 20.
Na5 Nc5 21. Qc4+ Qe6 22. Qxe6+ Rxe6 23. Nc6 Ra8 24. Ng5 Ree8 25. f3 a6 26. Nh3 Nb3 27. Rad1 axb5 28. axb5 Ra4 29. Nf2 Nd7 30.
Nd3 Kf7 31. Bg5 h6 32. Bh4 g5 33. Bg3 Ke6 34. Rb1 Nd2 35. Rbd1 Nc4 36. h4 Rea8 37. Rc1 Ndb6 38. hxg5 hxg5 39.
Bf2 Ra2 40. Bxd4 exd4 41. Nxd4+ Kf7 42. e5 Rd2 43. exd6 Rxd3 44. Ne6 cxd6 45. Nxg5+ Kg6 46. Nh3 Rd2 47. Re6+ Kf5 48. Rce1 Ne5 49. Rh6 Ng6 50. Rh7 Kf6 51.
Nf2 d5 52. Ng4+ Kg5 53. Re6 Ra1+ 54. Kh2 Rxg2+ 55. Kxg2 Nf4+ 56. Kf2 Nxe6 57. Rh6 Ra2+ 58. Kf1 Kf5 59. Rf6+ Kg5 60. Rxe6 Nc4 61.
Nf2 Rb2 62. Kg2 1/2-1/2

[Event "Juniorallsvenskan 2019, Division 1 and 2"]
[Site "Molnlycke kulturhus, Biblioteksgatan 2, Molnlycke, Sweden"]
[Date "2019.11.24"]
[Round "4.2"]
[White "Torngren, Gustav"]
[Black "Nilsson, Joakim"]
[Result "1-0"]
[TimeControl "90 minutes + 30 seconds per move from move one"]
[WhiteTitle "CM"]
[BlackTitle "FM"]
[WhiteFideId "1728970"]
[BlackFideId "1723383"]
[WhiteElo "2247"]
[BlackElo "2288"]

1. e4 c5 2. d3 Nc6 3. f4 d5 4. exd5 Qxd5 5. Nc3 Qd7 6. g3 Nf6 7. Bg2 e6 8. Nf3 Be7 9. b3 O-O 10.
Bb2 Nd5 11. Nxd5 exd5 12. O-O d4 13. Re1 Qc7 14. Nd2 Be6 15. Bxc6 bxc6 16. a4 Rfe8 17. Ba3 Qd7 18. Nc4 Bd5 19.
Re2 Bf8 20. Qf1 Rxe2 21. Qxe2 Re8 22. Qf1 Qe6 23. Rd1 f6 24.
Rd2 Qg4 25. Rf2 Qe6 26. Bc1 f5 27. Ne5 Bd6 28. Re2 Qc8 29. Nc4 Bf8 30. Qe1 Rxe2 31. Qxe2 Qd7 32. Ba3 Qf7 33. Kf2 Qg6 34.
Ke1 Qf7 35. Kd2 Be7 36. Kc1 Bf8 37. Kb2 Qd7 38. Qe5 Qc8 39. Nd6 Qe6 40. Bxc5 Qd7 41. Ba3 g6 42. Nc4 c5 43. Qb8 Kg7 44.
Ne5 Qe7 45. Qc8 Be6 46. Qc6 Kh6 47. Nf3 Bc8 48. Ng5 Bb7 49. Qe6 Qc7 50. Qg8 Bd6 51. Nf7+ Kh5 52. h3 h6 53. Nh8 1-0

[Event "Juniorallsvenskan 2019, Division 1 and 2"]
[Site "Molnlycke kulturhus, Biblioteksgatan 2, Molnlycke, Sweden"]
[Date "2019.11.24"]
[Round "4.3"]
[White "Mitra, Akash"]
[Black "Olsson, William"]
[Result "0-1"]
[TimeControl "90 minutes + 30 seconds per move from move one"]
[WhiteFideId "1726714"]
[BlackFideId "1741721"]
[WhiteElo "1975"]
[BlackElo "2035"]

1. e4 c5 2. Nf3 d6 3. d4 cxd4 4. Nxd4 Nf6 5. Nc3 g6 6. Be3 Bg7 7. f3 O-O 8. Qd2 Nc6 9. O-O-O d5 10.
Qe1 e5 11. Nxc6 bxc6 12. exd5 Nxd5 13. Bc4 Be6 14. h4 h6 15. g4 Qb8 16. Nxd5 cxd5 17. Bb3 Rd8 18. Qa5 Qb7 19. Rd3 Rd6 20.
Rhd1 d4 21. Bxe6 Rxe6 22. Rb3 Rb6 23. Bd2 Rxb3 24. axb3 Qxf3 25. c4 Qxb3 26. Qb4 Qa2 27. Kc2 Rc8 28. Kd3 Bf8 29. Qb5 Rc5 30.
Qb4 a5 31. Qa3 Qxc4+ 32. Ke4 Qd5+ 33. Kd3 Qf3+ 34. Be3 Qxe3# 0-1

[Event "Juniorallsvenskan 2019, Division 1 and 2"]
[Site "Molnlycke kulturhus, Biblioteksgatan 2, Molnlycke, Sweden"]
[Date "2019.11.24"]
[Round "4.4"]
[White "Aira, Leonardo"]
[Black "Hall, Alexander"]
[Result "1-0"]
[TimeControl "90 minutes + 30 seconds per move from move one"]
[WhiteFideId "1721097"]
[BlackFideId "1738933"]
[WhiteElo "1955"]
[BlackElo "1887"]

1. e4 c5 2. d4 cxd4 3. c3 d3 4. Bxd3 g6 5. f4 Bg7 6. Be3 Nc6 7. Nf3 Nf6 8. h3 Qc7 9. O-O O-O 10.
Qd2 d6 11. c4 e5 12. Nc3 Rd8 13. Nd5 Nxd5 14. cxd5 Nd4 15. Bxd4 exd4 16. Qf2 Qb6 17. Rfc1 Bd7 18. Rc4 Rac8 19.
Rac1 a5 20. Rxc8 Rxc8 21. Rxc8+ Bxc8 22. Qc2 Bd7 23. e5 Bh6 24.
Qb3 Qxb3 25. axb3 Bxf4 26. exd6 Bxd6 27. Kf1 Bc5 28. Ne5 Be8 29. Ke2 f6 30. Nc4 b6 31. Nd2 f5 32. g4 fxg4 33.
hxg4 Kf7 34. g5 Bd7 35. Kf3 Ke7 36. Nc4 a4 37. bxa4 Bxa4 38. Ke4 Bb5 39. Ne5 Bxd3+ 40. Nxd3 Bb4 41.
Nxb4 Kd6 42. Kxd4 b5 43. Nd3 b4 44. Nxb4 Kxd5+ 45. Ke4+ 1-0

[Event "Juniorallsvenskan 2019, Division 1 and 2"]
[Site "Molnlycke kulturhus, Biblioteksgatan 2, Molnlycke, Sweden"]
[Date "2019.11.24"]
[Round "4.5"]
[White "Sorensen, Hampus"]
[Black "Jogstad, Martin"]
[Result "1/2-1/2"]
[TimeControl "90 minutes + 30 seconds per move from move one"]
[WhiteTitle "FM"]
[BlackTitle "FM"]
[WhiteFideId "8703884"]
[BlackFideId "1715364"]
[WhiteElo "2365"]
[BlackElo "2305"]

1. d4 e6 2. c4 Nf6 3. Nf3 d5 4.
Bg5 Bb4+ 5. Nbd2 dxc4 6. Qa4+ Nc6 7. e3 Qd5 8. Bxf6 b5 9. Qc2 gxf6 10. O-O-O Bxd2+ 11. Rxd2 Nb4 12. Qb1 Bb7 13.
a3 Na6 14. Be2 Ke7 15. Ne1 c5 16. Bf3 Qd7 17. d5 Rad8 18. e4 Qc7 19. Nc2 Nb8 20. Ne3 Qf4 21. e5 exd5 22. exf6+ Kxf6 23.
Rhd1 d4 24. Bxb7 dxe3 25. fxe3 Qxe3 26. Qe4 Qxe4 27. Bxe4 Rxd2 28. Rxd2 h6 29. a4 a6 30. Bb7 Re8 31. Rf2+ Kg7 32.
Rd2 Re7 33. Bf3 Nd7 34. Rd6 Ne5 35. Rxa6 Nd3+ 36. Kd2 b4 37. Kc2 Ne1+ 38. Kd2 Nd3 39. Kc2 Ne1+ 40. Kd2 Nxf3+ 41. gxf3 Re5 42.
Rc6 Rh5 43. h4 Rxh4 44. Rxc5 c3+ 45. bxc3 bxc3+ 46. Rxc3 Rxa4 47. Ke3 Kg6 48. Kf2 Kg5 49. Rc7 Rf4 50. Kg3 h5 51. Rc8 Rf6 52.
Rc5+ Rf5 53. Rc8 h4+ 54. Kg2 Rf4 55. Rg8+ Kf5 56. Ra8 f6 57. Ra5+ Kg6 58. Rb5 Rd4 59. Rb8 Kg5 60. Rg8+ Kf4 61.
Rg4+ Ke3 62. Kh3 Rd1 63. Kxh4 f5 64. Ra4 Rg1 65. Ra3+ Kf4 66. Ra4+ Kxf3 67. Ra3+ Kf4 68. Ra4+ Ke3 69.
Ra3+ Kd4 70. Ra4+ Ke3 71. Ra3+ Kf2 72. Ra2+ Kf3 73. Ra3+ Kg2 74. Rg3+ Kf2 75. Rxg1 Kxg1 76. Kg5 Kf2 77.
Kxf5 1/2-1/2

[Event "Juniorallsvenskan 2019, Division 1 and 2"]
[Site "Molnlycke kulturhus, Biblioteksgatan 2, Molnlycke, Sweden"]
[Date "2019.11.24"]
[Round "4.6"]
[White "Bensryd, Hampus"]
[Black "Crevatin, Leo"]
[Result "0-1"]
[TimeControl "90 minutes + 30 seconds per move from move one"]
[BlackTitle "CM"]
[WhiteFideId "1738330"]
[BlackFideId "1726307"]
[WhiteElo "1977"]
[BlackElo "2231"]

1. e4 c5 2. Nc3 Nc6 3. Bb5 Nd4 4. Nf3 a6 5. Bd3 g6 6. Nxd4 cxd4 7. Ne2 Bg7 8. O-O d5 9. f4 dxe4 10.
Bxe4 f5 11. Bd3 Nf6 12. c3 dxc3 13. dxc3 O-O 14. Bc4+ Kh8 15. Qxd8 Rxd8 16. Be3 b5 17. Bb3 Bb7 18. Rad1 Nd5 19.
Bf2 Rd6 20. Bc5 Rd7 21. Rd3 Rad8 22. Rfd1 e6 23. Bd4 Bxd4+ 24. Rxd4 Kg7 25. Kf2 Kf6 26. Nc1 Nb6 27. Rxd7 Rxd7 28.
Rxd7 Nxd7 29. Nd3 Be4 30. Ne1 Nc5 31. Ke3 e5 32. g3 g5 33. h4 exf4+ 34. gxf4 gxh4 35. Kf2 Nxb3 36. axb3 Bd5 37.
b4 Be4 38. Nf3 Bxf3 39. Kxf3 Ke6 40. Kg2 Kd5 41. Kh3 Ke4 42. Kxh4 Kxf4 43. b3 Ke4 44. c4 f4 45. c5 f3 46.
c6 f2 47. c7 f1=Q 48. c8=Q Qf4 49. Kh5 Qf5+ 50. Qxf5+ Kxf5 51. Kh6 Ke5 0-1

[Event "Juniorallsvenskan 2019, Division 1 and 2"]
[Site "Molnlycke kulturhus, Biblioteksgatan 2, Molnlycke, Sweden"]
[Date "2019.11.24"]
[Round "4.7"]
[White "Narva, David"]
[Black "Ulles, Jean-Clement"]
[Result "1-0"]
[TimeControl "90 minutes + 30 seconds per move from move one"]
[WhiteFideId "24128856"]
[BlackFideId "26007029"]
[WhiteElo "1979"]
[BlackElo "1943"]

1. e4 e5 2. Nf3 Nc6 3. Bb5 a6 4. Ba4 Nf6 5. d3 b5 6. Bb3 Be7 7. O-O d6 8. c3 O-O 9. Re1 Na5 10.
Bc2 c5 11. Nbd2 Nc6 12. Nf1 Qc7 13. Ne3 h6 14. Nd5 Nxd5 15. exd5 Nb8 16. d4 Nd7 17. Qe2 cxd4 18. cxd4 Bb7 19.
dxe5 dxe5 20. Nd4 Bb4 21. Bxh6 gxh6 22. Qg4+ Kh8 23. Qf5 Qxc2 24. Nxc2 Bxe1 25. Qxd7 Bxf2+ 26. Kxf2 Rac8 27. Ne3 Ba8 28.
Qe7 f5 29. Qxe5+ Kh7 30. Qe7+ Kh8 31. Qe6 Kh7 32. Nxf5 Rc2+ 33. Kg1 1-0

[Event "Juniorallsvenskan 2019, Division 1 and 2"]
[Site "Molnlycke kulturhus, Biblioteksgatan 2, Molnlycke, Sweden"]
[Date "2019.11.24"]
[Round "4.8"]
[White "Nord, Alexander"]
[Black "Berglind, Axel"]
[Result "1/2-1/2"]
[TimeControl "90 minutes + 30 seconds per move from move one"]
[WhiteFideId "1738135"]
[BlackFideId "1720228"]
[WhiteElo "1845"]
[BlackElo "2062"]

1. d4 d5 2. Nf3 Nf6 3. g3 e6 4. Bg2 Be7 5. O-O O-O 6. c4 dxc4 7. Qc2 b5 8. a4 b4 9. Ne5 Qxd4 10.
Nxc4 Nd5 11. Rd1 Qc5 12. b3 Bf6 13. Ra2 Nc6 14. Bb2 Ba6 15. e4 Nb6 16. Nbd2 Bxb2 17. Qxb2 Nxc4 18. Nxc4 Bxc4 19.
bxc4 Rad8 20. Raa1 Rxd1+ 21. Rxd1 Qxc4 22. Rc1 Qd4 23. Qe2 Qb6 24. e5 Nd4 25. Qc4 b3 26. a5 b2 27. Rb1 Qxa5 28.
Qxd4 Rb8 29. Be4 Qb6 30. Qd3 g6 31. h4 Qc5 32. Qf3 Qxe5 33. Rd1 Rb4 34. Bb1 Rd4 35. Rxd4 Qxd4 36. Qd3 Qb6 37.
h5 a5 38. h6 c5 39. Qc3 Kf8 40. Qh8+ Ke7 41. Qxh7 Qd6 42. Bxg6 Qd1+ 43. Kg2 Qd5+ 44. Kg1 Qd1+ 45. Kg2 Qd5+ 46.
f3 Qd2+ 47. Kh3 Kd6 48. Bxf7 b1=Q 49. Qxb1 Qxh6+ 50. Kg4 Qg7+ 51. Bg6 Qd4+ 52. f4 a4 53. Be4 Qb4 54. Qd1+ Ke7 55. Bc6 a3 56.
Qd7+ Kf8 57. Qe8+ Kg7 58. Qe7+ Kh8 59. Qf6+ Kh7 60. Be8 Qe4 61. Qf7+ Kh8 62. Qf6+ Kh7 63. Qf7+ Kh8 1/2-1/2

[Event "Juniorallsvenskan 2019, Division 1 and 2"]
[Site "Molnlycke kulturhus, Biblioteksgatan 2, Molnlycke, Sweden"]
[Date "2019.11.24"]
[Round "4.9"]
[White "Pantzar, Milton"]
[Black "Storme, Isak"]
[Result "1/2-1/2"]
[TimeControl "90 minutes + 30 seconds per move from move one"]
[WhiteTitle "FM"]
[BlackTitle "FM"]
[WhiteFideId "1721003"]
[BlackFideId "1728113"]
[WhiteElo "2406"]
[BlackElo "2229"]

1. d4 d5 2. c4 dxc4 3. e3 Nf6 4. Bxc4 e6 5. Nf3 c5 6. O-O Nc6 7. dxc5 Qxd1 8. Rxd1 Bxc5 9. b3 O-O 10.
Bb2 b6 11. Nbd2 Be7 12. Be2 Bb7 13. Nc4 Rfd8 14. Kf1 Kf8 15. Rxd8+ Rxd8 16. Rc1 Bc5 17. a3 a5 18. Ne1 Nd7 19.
Nd3 Be7 20. Bf3 Rc8 21. Ke1 Nc5 22. Nxc5 Bxc5 23. a4 Rc7 24. Kd1 f6 25. Be4 f5 26. Bxc6 Bxc6 27. f3 Bd5 28. Ke2 g5 29.
Nxa5 bxa5 30. Rxc5 Rxc5 31. Ba3 Bxb3 32. Bxc5+ Kf7 33. Bb6 Bxa4 34. Bxa5 Be8 35. Kf2 1/2-1/2

[Event "Juniorallsvenskan 2019, Division 1 and 2"]
[Site "Molnlycke kulturhus, Biblioteksgatan 2, Molnlycke, Sweden"]
[Date "2019.11.24"]
[Round "4.10"]
[White "Rasti, Arvin"]
[Black "Petersson, Baldur Teodor"]
[Result "1/2-1/2"]
[TimeControl "90 minutes + 30 seconds per move from move one"]
[BlackTitle "CM"]
[WhiteFideId "1741160"]
[BlackFideId "2309157"]
[WhiteElo "2206"]
[BlackElo "2216"]

1. Nf3 Nf6 2. g3 g6 3. Bg2 Bg7 4. O-O O-O 5. d3 d5 6. Nbd2 c5 7. e4 Nc6 8. Re1 e6 9. c3 b6 10.
exd5 exd5 11. Nf1 Bb7 12. Bg5 d4 13. c4 h6 14. Bxf6 Bxf6 15. a3 Qd7 16. Rb1 a5 17. N1d2 Bg7 18. Qb3 Qc7 19. Re2 Rfe8 20. Rbe1 Kf8 21.
Ne4 f5 22. Ned2 Rxe2 23. Rxe2 Re8 24. Rxe8+ Kxe8 1/2-1/2

[Event "Juniorallsvenskan 2019, Division 1 and 2"]
[Site "Molnlycke kulturhus, Biblioteksgatan 2, Molnlycke, Sweden"]
[Date "2019.11.24"]
[Round "4.11"]
[White "Carlsson, Ludvig"]
[Black "Strom-Engdahl, Alexander"]
[Result "1-0"]
[TimeControl "90 minutes + 30 seconds per move from move one"]
[WhiteTitle "CM"]
[WhiteFideId "1727010"]
[BlackFideId "1741586"]
[WhiteElo "2146"]
[BlackElo "1940"]

1. c4 c5 2. Nf3 Nf6 3. g3 g6 4. b3 Bg7 5. Bb2 Nc6 6. Bg2 O-O 7. O-O d6 8. Nc3 e5 9. d3 h6 10.
Nd2 Be6 11. Nde4 Ne8 12. Nd5 f5 13. Nec3 Qd7 14. Qd2 Nc7 15. Rab1 g5 16. a3 f4 17. b4 Nd4 18. Nxc7 Qxc7 19.
bxc5 dxc5 20. Nd5 Qd7 21. Bxd4 cxd4 22. Rxb7 Qd6 23. Nc7 f3 24. exf3 Bc8 25. Nb5 Qc5 26. Rc7 Qb6 27. f4 a6 28.
Bxa8 axb5 29. Bd5+ Kh8 30. Rc6 Qd8 31. fxg5 hxg5 32. Qe2 1-0

[Event "Juniorallsvenskan 2019, Division 1 and 2"]
[Site "Molnlycke kulturhus, Biblioteksgatan 2, Molnlycke, Sweden"]
[Date "2019.11.24"]
[Round "4.12"]
[White "Lindholm, Gustav"]
[Black "Emmoth, Alfons"]
[Result "1/2-1/2"]
[TimeControl "90 minutes + 30 seconds per move from move one"]
[WhiteFideId "1736515"]
[BlackFideId "1718266"]
[WhiteElo "1922"]
[BlackElo "2066"]

1. Nf3 Nf6 2. c4 g6 3. g3 Bg7 4. Bg2 O-O 5. Nc3 d6 6. O-O Nc6 7. d3 e5 8. Rb1 a5 9. a3 h6 10.
b4 axb4 11. axb4 Be6 12. b5 Ne7 13. Bb2 Qd7 14. Re1 Bh3 15. Bh1 Ng4 16. Qb3 Kh7 17. Ra1 Rab8 18. e3 f5 19. Ne2 g5 20.
d4 Ng6 21. Qc2 Qf7 22. c5 e4 23. Nd2 d5 24. Ra3 Kh8 1/2-1/2

[Event "Juniorallsvenskan 2019, Division 1 and 2"]
[Site "Molnlycke kulturhus, Biblioteksgatan 2, Molnlycke, Sweden"]
[Date "2019.11.24"]
[Round "4.13"]
[White "Derdic, Valentin"]
[Black "Tornberg, Carlos"]
[Result "1-0"]
[TimeControl "90 minutes + 30 seconds per move from move one"]
[WhiteFideId "1763687"]
[BlackFideId "1733478"]
[WhiteElo "1647"]
[BlackElo "1884"]

1. e4 e5 2. Nf3 Nc6 3. Bb5 a6 4. Ba4 d6 5. c3 f5 6. exf5 Bxf5 7. d3 Be7 8. Be3 Nf6 9. h3 O-O 10.
O-O b5 11. Bc2 Qe8 12. Nbd2 d5 13. Re1 Rd8 14. Nf1 Bd6 15. Ng3 Bc8 16. Qd2 e4 17. Bg5 Bxg3 18. fxg3 h6 19. Bf4 Qh5 20.
Nh2 Ne5 21. Bd1 Qe8 22. Bxe5 Qxe5 23. Qe3 Qd6 24. Bb3 Kh8 25. Rad1 c5 26. dxe4 Nxe4 27. Rxd5 Qb6 28. Rxd8 Rxd8 29.
Qxe4 c4+ 30. Qe3 Qxe3+ 31. Rxe3 cxb3 32. axb3 Bf5 33. Kf2 Rd1 34. b4 Rd6 35. Nf3 Bd3 36. Ne5 Bc4 37. Nxc4 bxc4 38.
Re4 Rd2+ 39. Re2 Rd6 40.
Kf3 Kh7 41. Re4 Rd2 42. Rxc4 Rxb2 43. Rc6 Rc2 44. Ke4 Rxg2 45. Rxa6 Rxg3 46. Rc6 Rxh3 47. b5 Rh1 48. b6 Rb1 49.
c4 Rb3 50. c5 h5 51. Rd6 h4 52. Rd1 h3 53. Kd5 h2 54. Rh1 g5 55. Rxh2+ Kg7 56. Kc6 1-0

[Event "Juniorallsvenskan 2019, Division 1 and 2"]
[Site "Molnlycke kulturhus, Biblioteksgatan 2, Molnlycke, Sweden"]
[Date "2019.11.24"]
[Round "4.14"]
[White "Morling, Joakim"]
[Black "Jonsson, Filip"]
[Result "0-1"]
[TimeControl "90 minutes + 30 seconds per move from move one"]
[WhiteFideId "1715933"]
[BlackFideId "1739441"]
[WhiteElo "2090"]
[BlackElo "1952"]

1. d4 d5 2. c4 e6 3. Nc3 c5 4. cxd5 exd5 5. Nf3 Nc6 6. g3 Nf6 7. Bg2 Be7 8. O-O O-O 9. Bg5 c4 10.
Ne1 Be6 11. Nc2 h6 12. Bf4 Bf5 13. Be5 Ng4 14. Nxd5 Ncxe5 15. dxe5 Bc5 16. Nd4 Be6 17. Nxe6 fxe6 18. Nf4 Qb6 19.
e3 Nxf2 20. Rxf2 Bxe3 21. Qc2 Bxf2+ 22. Kh1 Be3 23. Nh5 Qd4 24. Qg6 Qxe5 25. Be4 Rf2 26. Rd1 Qxb2 27. Qxe6+ Kh8 28. Qh3 Qe2 29.
Rb1 Raf8 30. Bg2 c3 31. Nxg7 c2 32. Rg1 Rxg2 0-1

[Event "Juniorallsvenskan 2019, Division 1 and 2"]
[Site "Molnlycke kulturhus, Biblioteksgatan 2, Molnlycke, Sweden"]
[Date "2019.11.24"]
[Round "4.15"]
[White "Mena, Markus"]
[Black "Ostenfeld, Valentin"]
[Result "0-1"]
[TimeControl "90 minutes + 30 seconds per move from move one"]
[WhiteFideId "1745123"]
[BlackFideId "1759183"]
[WhiteElo "1405"]
[BlackElo "1856"]

1. e4 c5 2. Nf3 Nc6 3. d4 cxd4 4. Nxd4 Nf6 5. Nc3 e5 6. Nxc6 bxc6 7. Bc4 Bb4 8. Bg5 Qa5 9. Qf3 Be7 10.
O-O h6 11. Bh4 d6 12. Rfe1 O-O 13. h3 Rb8 14. Bb3 Qc7 15. Rad1 Nh7 16. Bxe7 Qxe7 17. Rd2 Ng5 18. Qg3 Ne6 19.
Red1 Rd8 20. Ne2 Ba6 21. Qg4 Nc5 22. Ng3 Bc8 23. Nf5 Bxf5 24.
Qxf5 a5 25. c3 Nxb3 26. axb3 g6 27. Qg4 Rxb3 28. c4 Qc7 29. Qh4 Kg7 30. c5 d5 31. exd5 Rxd5 32. Qe4 Rb4 33. Qc2 Rbd4 34.
Qc3 Qd8 35. Rxd4 exd4 36. Qc4 d3 37. Qc3+ Kh7 38. Rd2 h5 39. Kh2 a4 40. Qb4 Rd4 41. Qc3 Qd5 42. g3 Qe4 43. Rd1 d2 44.
Rxd2 Rc4 45. Qe3 Qxe3 46. fxe3 Rxc5 47. Kg2 Kg7 48. Kf3 Rc4 49. Rd3 Rb4 50. Ra3 c5 51. Ke2 Rxb2+ 52. Kd3 Rb3+ 53.
Rxb3 axb3 54. Kc3 c4 55. Kb2 Kf6 56. Kc3 Ke5 57. g4 h4 58. g5 Ke4 59. Kd2 b2 60. Kc2 c3 61. Kb1 Kxe3 62.
Kc2 b1=Q+ 63. Kxb1 Kd2 0-1

[Event "Juniorallsvenskan 2019, Division 1 and 2"]
[Site "Molnlycke kulturhus, Biblioteksgatan 2, Molnlycke, Sweden"]
[Date "2019.11.24"]
[Round "4.16"]
[White "Ekberg, Karl"]
[Black "Fakhr Eldin, Majed"]
[Result "1-0"]
[TimeControl "90 minutes + 30 seconds per move from move one"]
[WhiteFideId "1726277"]
[BlackFideId "1744054"]
[WhiteElo "1867"]
[BlackElo "1571"]

1. d4 Nf6 2. c4 g6 3. Nc3 Bg7 4. e4 d6 5. f3 O-O 6. Be3 Nfd7 7. Qd2 c5 8. Nge2 Nc6 9. d5 Nce5 10.
Nf4 Nb6 11. b3 a5 12. a4 Nbd7 13. O-O-O Nb8 14. Nd3 Qb6 15. Nb5 Na6 16. Bh6 Bh8 17. Bxf8 Kxf8 18. Kb1 Bd7 19. Nxe5 Bxe5 20.
f4 Bg7 21. Rc1 Bxb5 22. cxb5 Nb4 23. Bc4 Kg8 24. Rce1 Qc7 25. Rhf1 Rf8 26. Qe3 Bd4 27. Qg3 Qd7 28. Qh3 f5 29.
Re2 Kh8 30. Rfe1 Qe8 31. exf5 gxf5 32. Rxe7 Qg6 33. Rxb7 Rg8 34. Re6 Bf6 35. Rxf6 1-0

[Event "Juniorallsvenskan 2019, Division 1 and 2"]
[Site "Molnlycke kulturhus, Biblioteksgatan 2, Molnlycke, Sweden"]
[Date "2019.11.24"]
[Round "4.17"]
[White "Ytterberg, Felix"]
[Black "Klosinski, Daniel"]
[Result "0-1"]
[TimeControl "90 minutes + 30 seconds per move from move one"]
[WhiteFideId "1740687"]
[BlackFideId "1726323"]
[WhiteElo "2005"]
[BlackElo "1742"]

1. d4 Nf6 2. c4 c5 3. d5 b5 4. Qc2 bxc4 5. e4 d6 6. Bxc4 g6 7. Nc3 Bg7 8. f4 O-O 9. Nf3 Nfd7 10.
Bd3 Ba6 11. g4 c4 12. Be2 Nc5 13. O-O Nbd7 14. Be3 e5 15. fxe5 Nxe5 16. Nxe5 Bxe5 17. Bxc5 dxc5 18. Bf3 Qd6 19.
Kh1 Rab8 20. Rab1 Rb4 21. h3 Rfb8 22. Rfe1 Qf6 23. Bg2 Qf4 24. Bf1 Qg3 25. Na4 Rxa4 26. Re3 Qxe3 27. Qxa4 Qxe4+ 28. Kg1 Qxb1 29. Qxa6 Bd4+ 30.
Kg2 Rxb2+ 31. Kg3 Qe1+ 32. Kf4 Qe3# 0-1

[Event "Juniorallsvenskan 2019, Division 1 and 2"]
[Site "Molnlycke kulturhus, Biblioteksgatan 2, Molnlycke, Sweden"]
[Date "2019.11.24"]
[Round "4.18"]
[White "Johansson-Ohman, Linnea"]
[Black "Ivarsson, Sebastian"]
[Result "0-1"]
[TimeControl "90 minutes + 30 seconds per move from move one"]
[WhiteFideId "1737260"]
[BlackFideId "1738593"]
[WhiteElo "1660"]
[BlackElo "1969"]

1. d4 Nf6 2. c4 g6 3. Nf3 Bg7 4. g3 d6 5. Bg2 O-O 6. O-O Nc6 7. Nc3 a6 8. b3 Rb8 9. Bb2 b5 10.
cxb5 axb5 11. e3 Na5 12. d5 Ba6 13. b4 Nc4 14. Rb1 Nxb2 15. Rxb2 Ne4 16. Nd4 Nxc3 17. Qd2 Bxd4 18. Qxd4 Na4 19.
Rc2 Nb6 20. Rfc1 Nc4 21. a4 bxa4 22. Rxc4 Bxc4 23. Qxc4 Ra8 24. Bh3 a3 25. Ra1 Qb8 26. Qc3 Ra4 27. Rxa3 Qxb4 28. Rb3 Qxc3 29.
Rxc3 Ra7 30. e4 Rb8 31. Rc2 Rb4 32. f3 Rba4 33. Bg2 Ra2 34. Rxa2 Rxa2 35. h4 e6 36. Kh2 Kg7 37. Kh3 Kf6 38.
f4 exd5 39. exd5 Kf5 40. Bh1 Rf2 41. Bg2 Rxg2 42. Kxg2 Ke4 43. Kh3 Kxd5 44. h5 c5 45. f5 c4 46. Kg4 c3 47. Kg5 gxh5 48.
Kf6 Ke4 0-1